 Dungeon Crawl Stone Soup version 0.18.1-50-g88ac8fd (webtiles) character file.

4992 Gargoyl the Corrupter of Planes (level 10, -2/76 HPs)
             Began as a Demonspawn Abyssal Knight on Oct 15, 2016.
             Was the Champion of Lugonu.
             Killed from afar by an orc warrior (23 damage)
             ... with a wand of lightning
             ... on level 9 of the Dungeon on Oct 17, 2016.
             The game lasted 00:25:04 (10573 turns).

Gargoyl the Corrupter of Planes (DsAK)             Turns: 10573, Time: 00:25:05

Health: -2/76      AC: 18    Str: 15    XL:     10   Next: 29%
Magic:  5/5        EV: 16    Int: 14    God:    Lugonu [******]
Gold:   477        SH:  5    Dex: 20    Spells: 0 memorised, 9 levels left

rFire  . . .     SeeInvis +     q - +5 hand axe "Tatiaz" {antimagic, Dex+4 SInv}
rCold  + . .     Gourm    .     k - +2 ring mail {MR+}
rNeg   . . .     Faith    +     n - +0 buckler
rPois  .         Spirit   .     (helmet restricted)
rElec  .         Dismiss  .     (no cloak)
rCorr  .         Reflect  .     y - +0 pair of gloves
SustAt .         Harm     .     d - +2 pair of boots
MR     +....                    f - amulet of faith
Stlth  +.........               K - +3 ring of dexterity
                                C - +4 ring of protection

@: somewhat resistant to hostile enchantments, very unstealthy
A: horns 1, icy blue scales 1, cold resistance 1, demonic guardian 1, freezing
cloud immunity
a: Depart the Abyss, Bend Space, Banish, Corrupt, Enter the Abyss, Brand Weapon
With Distortion, Renounce Religion


You were on level 9 of the Dungeon.
You worshipped Lugonu.
Lugonu was exalted by your worship.
You were hungry.

You visited 1 branch of the dungeon, and saw 9 of its levels.
You visited the Abyss 1 time.
You also visited: Sewer.

You collected 477 gold pieces.

Inventory:

Hand Weapons
 q - the +5 hand axe "Tatiaz" (weapon) {antimagic, Dex+4 SInv}
   (You found it on level 4 of the Dungeon)

   It disrupts the flow of magical energy around spellcasters and certain
   magical creatures (including the wielder).
   It affects your dexterity (+4).
   It lets you see invisible.
 v - a cursed +1 war axe
 D - a cursed -3 war axe
Armour
 d - a +2 pair of boots (worn)
 k - a +2 ring mail of magic resistance (worn)
 n - a +0 buckler (worn)
 y - a +0 pair of gloves (worn)
Jewellery
 f - an amulet of faith (around neck)
 C - a +4 ring of protection (left hand)
 K - a +3 ring of dexterity (right hand)
 L - an uncursed ring of protection from fire
Wands
 g - a wand of lightning (3/15)
 i - a wand of iceblast (1/15)
 r - a wand of slowing (20/48)
 u - a wand of lightning (11/15)
 x - a wand of flame (17/48)
 B - a wand of flame (18/48)
 M - a wand of acid (11/15)
Scrolls
 e - 6 scrolls of remove curse
 p - a scroll of fear
 s - a scroll of teleportation
 A - 7 scrolls of identify
 H - a scroll of summoning
 I - a scroll of magic mapping
Potions
 m - a potion of berserk rage
 o - 2 potions of might {unknown}
 t - 3 potions of haste
 w - 3 potions of agility {unknown}
 z - 2 potions of heal wounds
 E - 2 potions of curing {unknown}
 J - a potion of ambrosia {unknown}
Comestibles
 a - 2 beef jerkies
 b - 7 meat rations
 c - 6 bread rations
 F - 7 slices of pizza
 G - 5 fruits


   Skills:
 + Level 6.2 Fighting
 + Level 5.8 Axes
 * Level 6.9 Armour
 + Level 7.2 Dodging
 + Level 2.6 Shields
 * Level 8.6 Invocations
 + Level 0.6 Evocations


You had 9 spell levels left.
You didn't know any spells.

Dungeon Overview and Level Annotations

Branches:
Dungeon (9/15)             Temple (0/1) D:7            Lair (0/8) D:8
    Orc: D:9-12

Altars:
Ashenzari
Gozag
Kikubaaqudgha
Nemelex Xobeh
Pakellas
Qazlal
Trog
Xom
Yredelemnul
Zin


Innate Abilities, Weirdness & Mutations

You have a pair of small horns on your head.
You are partially covered in icy blue scales (AC +1).
Your flesh is cold resistant.
A weak demonic guardian rushes to your aid.
You are immune to freezing clouds.


Message History

The orc warrior is lightly wounded.
Your crimson imp disappears in a puff of smoke!
The orc warrior hits you with a battleaxe!
You closely miss the orc warrior. Your headbutt misses the orc warrior.
The orc warrior is lightly wounded.
You slash the orc warrior! Your headbutt misses the orc warrior.
The orc warrior is moderately wounded.
The orc warrior hits you with a battleaxe.
You slash the orc warrior!
The orc warrior is heavily wounded.
The orc warrior hits you with a battleaxe!!
You hit the orc warrior.
The orc warrior is severely wounded.
The orc warrior zaps a wand.
The bolt of lightning hits you!
* * * LOW HITPOINT WARNING * * *
It is a wand of lightning.
You barely miss the orc warrior.
The orc warrior is severely wounded.
The orc warrior zaps a wand.
The bolt of lightning hits you!
You die...

.#..(...........#
#...#......
.#..#(..........#
#...#......
.#..#(..........#
#...#......
.#..#(########..#
#..(###.... .#..#(#
#..####++#.... +....
.#..#(#
#..............+....
.#..#.# #...........
.#..#.# ##..o.......
.#..#.# #.@.######.
....#.# #.).#
....#.#########...#
)...#.............#
....##.........####
.....#.........#
#....
####.#.######..#
#.... #.#.#<...#..#
#....####
#.'.#....#..#
'.......##


You could see an orc warrior.

Vanquished Creatures
  The ghost of SaintRoka the Covert, a novice SpEn of Dithmenos (D:9)
  A shadow (D:9)
  Sigmund (D:4)
  A human (D:7)
  A basilisk (D:8)
  A hungry ghost (D:8)
  3 orc warriors
  A phantom (D:6)
  A slave (D:7)
  A wasp (D:7)
  2 ogres
  2 centaurs
  A crocodile (D:8)
  2 big kobolds
  4 giant frogs
  A scorpion (D:9)
  5 killer bees (D:9)
  5 wights (D:8)
  A howler monkey (D:6)
  4 crimson imps
  A centaur zombie (D:7)
  2 giant frog zombies (D:5)
  A quasit (D:7)
  5 hounds
  5 jellies
  5 orc priests
  A centaur skeleton (D:4)
  A giant frog skeleton (D:3)
  4 iguanas
  10 orc wizards
  3 worker ants (D:5)
  A hell rat (D:8)
  3 sheep (D:7)
  A hound zombie (D:4)
  A worker ant zombie (D:7)
  A river rat (Sewer)
  16 adders
  An ooze (Sewer)
  An adder skeleton (D:5)
  4 worms
  4 dart slugs
  25 orcs
  4 ball pythons
  7 bats
  7 giant cockroaches
  7 goblins
  5 hobgoblins
  3 jackals (D:2)
  A quokka (D:6)
  3 giant newts
  19 kobolds
  16 rats
207 creatures vanquished.

Vanquished Creatures (collateral kills)
  Pikel (D:7)
  A hog (D:7)
  A human (D:3)
  3 slaves (D:7)
  Blork the orc (D:4)
  A quasit (D:7)
  2 orc wizards
  An orc priest (D:7)
  A hell rat (D:8)
  5 orcs
  A quokka (D:7)
18 creatures vanquished.

Grand Total: 225 creatures vanquished

Notes
Turn   | Place    | Note
--------------------------------------------------------------
     0 | Abyss:1  | Gargoyl the Demonspawn Abyssal Knight began the quest for the Orb.
     0 | Abyss:1  | Reached XP level 1. HP: 18/18 MP: 2/2
    66 | Abyss:1  | Noticed a thrashing horror
    76 | D:1      | Escaped the Abyss
   215 | D:1      | Reached * piety under Lugonu
   235 | D:1      | Reached skill level 1 in Dodging
   274 | D:1      | Gained mutation: Your flesh is cold resistant. [demonic ancestry]
   274 | D:1      | Reached XP level 2. HP: 24/24 MP: 4/4
  1057 | D:2      | Gained mutation: A weak demonic guardian rushes to your aid. [demonic ancestry]
  1057 | D:2      | Reached XP level 3. HP: 29/29 MP: 5/5
  1281 | D:2      | Reached skill level 3 in Invocations
  1519 | D:2      | Reached ** piety under Lugonu
  1743 | D:2      | Found an oddly glowing altar of Pakellas.
  2090 | D:2      | Reached XP level 4. HP: 35/36 MP: 6/6
  2308 | D:3      | Found a faded altar to an unknown god.
  2344 | D:3      | Found a runed door.
  2344 | D:3      | Noticed a human
  2346 | D:3      | Found a basalt altar of Yredelemnul.
  2465 | D:3      | Found an opulent altar of Gozag.
  2534 | D:3      | Killed a human
  2534 | D:3      | Reached XP level 5. HP: 38/42 MP: 7/7
  3064 | D:3      | Reached *** piety under Lugonu
  3064 | D:3      | Reached skill level 4 in Invocations
  3212 | D:3      | Reached XP level 6. HP: 42/48 MP: 9/9
  3370 | D:4      | Got a polished hand axe
  3374 | D:4      | Identified the +5 hand axe "Tatiaz" {antimagic, Dex+4 SInv} (You found it on level 4 of the Dungeon)
  3479 | D:4      | Noticed Sigmund
  3497 | D:4      | Killed Sigmund
  3705 | D:4      | Noticed Blork the orc
  3709 | D:4      | Killed Blork the orc
  3709 | D:4      | Gained mutation: You are partially covered in icy blue scales (AC +1). [demonic ancestry]
  3709 | D:4      | Reached XP level 7. HP: 54/54 MP: 3/10
  4193 | D:5      | Entered Level 5 of the Dungeon
  4232 | D:5      | Reached skill level 5 in Invocations
  4401 | D:5      | Found a shattered altar of Ashenzari.
  4404 | D:5      | Found a stormy altar of Qazlal.
  4405 | D:5      | Found a glowing silver altar of Zin.
  4406 | D:5      | Found an ancient bone altar of Kikubaaqudgha.
  4407 | D:5      | Found a sparkling altar of Nemelex Xobeh.
  4440 | D:5      | Found a glowing drain.
  4445 | Sewer    | Entered a sewer
  4649 | Sewer    | Reached **** piety under Lugonu
  6237 | D:6      | Gained mutation: You have a pair of small horns on your head. [demonic ancestry]
  6237 | D:6      | Reached XP level 8. HP: 61/61 MP: 4/12
  6510 | D:5      | Reached skill level 6 in Invocations
  6566 | D:5      | Reached skill level 5 in Dodging
  6869 | D:6      | Found a shimmering altar of Xom.
  7012 | D:6      | Reached skill level 5 in Armour
  7132 | D:5      | Reached skill level 5 in Fighting
  7161 | D:6      | Reached skill level 1 in Shields
  7279 | D:7      | Reached ***** piety under Lugonu
  7524 | D:7      | Noticed Pikel
  7524 | D:7      | Found a staircase to the Ecumenical Temple.
  7547 | D:7      | Reached XP level 9. HP: 62/68 MP: 4/14
  7564 | D:7      | Killed Pikel
  7564 | D:7      | Reached skill level 7 in Invocations
  7954 | D:7      | Reached skill level 5 in Axes
  8813 | D:8      | Found a staircase to the Lair.
  9256 | D:8      | Reached skill level 8 in Invocations
  9445 | D:9      | Gained mutation: You are immune to freezing clouds. [demonic ancestry]
  9445 | D:9      | Reached XP level 10. HP: 76/76 MP: 5/16
  9514 | D:9      | Noticed SaintRoka's ghost (novice SpEn)
  9565 | D:9      | Killed SaintRoka's ghost
  9994 | D:9      | Noticed a moth of wrath
  9997 | D:9      | Found a bloodstained altar of Trog.
 10049 | D:9      | Reached ****** piety under Lugonu
 10573 | D:9      | Killed from afar by an orc warrior

Skill      XL: |  1  2  3  4  5  6  7  8  9 10 |
---------------+-------------------------------+-----
Dodging        | 1 2 3 4 5 6 7 |  7.2
Armour         | 2 3 4 5 6 |  6.9
Axes           | 2 3 4 5 |  5.8
Invocations    | 3 4 5 6 8 |  8.6
Fighting       | 4 5 6 |  6.2
Shields        | 1 2 |  2.6
Evocations     | |  0.6

Action                   |  1- 3 |  4- 6 |  7- 9 | 10-12 || total
-------------------------+-------+-------+-------+-------++-------
Melee: Hand axe          |   105 |   142 |   514 |    95 ||   856
       Headbutt          |       |       |    72 |    23 ||    95
Invok: Depart the Abyss  |     1 |       |       |       ||     1
Evoke: Wand              |       |     5 |     1 |       ||     6
  Use: Scroll            |       |     3 |    18 |     1 ||    22
       Potion            |       |       |     3 |     5 ||     8
 Stab: Distracted        |       |       |     4 |       ||     4
  Eat: Chunk             |     4 |     5 |    16 |     4 ||    29
       Beef jerky        |       |       |     2 |       ||     2
       Bread ration      |       |       |     1 |       ||     1
Armor: Ring mail         |    47 |    49 |   224 |    37 ||   357
       Leather armour    |     2 |       |       |       ||     2
Dodge: Dodged            |    74 |    73 |   338 |    83 ||   568
Block: Buckler           |       |    23 |   103 |    24 ||   150
